← All builds
Geo / Armada / Economy first / OBSERVED BUILD

Standard geo

Armada Geo build order · Supreme Isthmus

Standard Geo economy opening leading into T2 constructor and Starlight units sent to front as the team's first T2 push.

Usually blows up the commander for T2 (67%)

#eco #t2 #push · 762 distinct matches · 111 players · 59% of Armada Geo games · team won 54% of 857 · Recently observed

HOW TO PLAY IT

Key timing: Geothermal Powerplant by 3:26

  1. Open mex and wind into Bot Lab.
  2. Rush geothermal for the early energy spike.
  3. Add Advanced Metal Extractor, then Advanced Geothermal by 7:07.
  4. Bring up Vehicle Plant alongside T2 con for "Starlight" and vehicles.
  5. Funnel "Starlight" and T1 vehicles to front, pay allies with cons and "Lazarus".

Phase by phase

TYPICAL OF ITS 762 GAMES
  1. 1
  2. 2
  3. 3
  4. 4
PLAY THE OPENING

Follow the example game's first 6:00 step by step: what to build now, what comes next, and where it goes. At 1× it keeps pace with your own game.

  1. 1

    Up to the Bot Lab

    Economy
    • Metal Extractor2Mex
    • Wind Turbine4Wind
    Order
    1. Bot LabBot Lab after 2 mex, 4 winddone ~1:12, middle half 0:58–1:22

    By 0:55 in all: 2 mex · 4 wind

    The example game in this phase · 5 steps
    1. Mex ×2
    2. Wind ×2
    3. Solar
    4. Wind
    5. Bot LabBot Labdone 0:56 · typical 1:12
  2. 2

    Bot Lab to 5:00

    Economy
    • Metal Extractor2Mex
    • Wind Turbine3Wind
    • Energy Converter8Converter
    • Energy Storage1Energy storage
    Order
    1. Geothermal PowerplantGeo after 4 mex, 5 wind, 1 energy storage
    Builders
    • Construction Turret5 Con turret
    • Lazarus4 Lazarus
    • Construction Bot2 Con bot
    • Construction Bot1 Con bot for allies
    • Lazarus1 Lazarus for allies

    By 5:00 in all: 4 mex · 7 wind · 1 geo · 8 converter · 1 energy storage · 5 con turret

    The example game in this phase · 27 steps
    1. Wind
    2. Construction BotCon bot
    3. Wind ×2
    4. Construction BotCon bot
    5. Wind
    6. Mex
    7. LazarusLazarus ×3
    8. Mex
    9. Construction BotCon botfor Beach sea
    10. Geothermal PowerplantGeodone 3:01 · typical 3:26
    11. LazarusLazarusfor Beach sea
    12. Con turret
    13. Converter ×3
    14. Con turret
    15. Energy storage
    16. Con turret
    17. Converter
    18. Con turret
    19. Converter ×2
    20. Con turret
    21. Wind ×5
    22. Con turret
    23. Wind ×5
    24. Advanced Metal ExtractorT2 mexdone 5:20 · typical 5:34
    25. Wind
    26. Advanced Metal ExtractorT2 mex
    27. Converter
  3. 3

    5:00 to Vehicle Plant

    Order
    1. Advanced Geothermal PowerplantAdvanced Geothermal Powerplant after 8 wind, 10 converter, 6 con turretin 59% of games
    2. Vehicle PlantVehicle Plant after 10 wind, 10 converter, 6 con turretdone ~7:07, middle half 6:41–7:40
    Builders
    • Construction Turret1 Con turret

    Some games also: converter (49%) · wind (47%)

    By 7:00 in all: 4 mex · 10 wind · 1 geo · 1 Advanced Geothermal Powerplant · 10 converter · 1 energy storage

    The example game in this phase · 13 steps
    1. Wind
    2. Advanced Metal ExtractorT2 mex
    3. Advanced Geothermal PowerplantAdvanced Geothermal Powerplantdone 6:35 · typical 7:07
    4. Converter
    5. Wind
    6. Converter
    7. Advanced Metal ExtractorT2 mex
    8. Wind
    9. SentrySentry
    10. Wind
    11. Converter
    12. Wind ×2
    13. Vehicle PlantVehicle Plantdone 6:45 · typical 7:07
  4. 4

    Vehicle Plant to 10:00

    Economy
    • Wind Turbine5Wind
    • Energy Converter3Converter
    Order
    1. Advanced Vehicle PlantAdvanced Vehicle Plant after 11 wind, 11 converter, 7 con turret
    Builders
    • Construction Vehicle1 Con vehicle
    Army
    • Starlight2 Starlight
    • Umbra1 Jammer
    • Prophet1 Radar vehicle

    Some games also: con turret (49%) · T2 con vehicle for allies (48%) · Jaguar (31%)

    By 10:00 in all: 4 mex · 20 wind · 1 geo · 1 Advanced Geothermal Powerplant · 16 converter · 1 energy storage

    The example game in this phase · 182 steps
    1. Wind ×2
    2. Converter
    3. Construction VehicleCon vehicle
    4. Wind
    5. Advanced Vehicle PlantAdvanced Vehicle Plantdone 7:27 · typical 8:07
    6. Wind
    7. Converter
    8. Con turret
    9. Converter ×2
    10. Wind ×2
    11. Advanced Construction VehicleT2 con vehiclefor Front
    12. Wind
    13. Converter
    14. Wind
    15. ProphetRadar vehicle
    16. Converter
    17. Wind
    18. UmbraJammer
    19. Wind
    20. Converter
    21. ShredderShredderdone 8:01
    22. Wind
    23. Converter
    24. ShredderShredder
    25. Wind
    26. Converter
    27. StarlightStarlightdone 8:27 · typical 9:03
    28. Wind
    29. Converter
    30. Wind
    31. StarlightStarlight
    32. Converter
    33. Wind ×2
    34. StarlightStarlight
    35. Converter
    36. Wind ×3
    37. StarlightStarlight
    38. Wind
    39. Con turret
    40. Radar TowerRadar Tower
    41. Wind
    42. AmbassadorAmbassadordone 9:49
    43. Wind ×4
    44. AmbassadorAmbassador
    45. Wind ×2
    46. AmbassadorAmbassador
    47. Wind
    48. Converter ×2
    49. JaguarJaguar
    50. Wind ×2
    51. Converter
    52. JaguarJaguar
    53. Wind
    54. JaguarJaguar
    55. Converter
    56. Wind
    57. JaguarJaguar
    58. Wind
    59. Converter
    60. JaguarJaguar
    61. Wind
    62. Converter
    63. JaguarJaguar
    64. Wind
    65. JunoJuno
    66. JaguarJaguar
    67. Wind
    68. Converter
    69. JaguarJaguar
    70. Wind
    71. Bot LabBot Labdone 11:43
    72. JaguarJaguar
    73. Converter
    74. JaguarJaguar
    75. Converter
    76. JaguarJaguar ×2
    77. Converter
    78. Con turret
    79. JaguarJaguar
    80. Converter
    81. JaguarJaguar
    82. Wind
    83. TickTick
    84. Converter
    85. JaguarJaguar
    86. Wind
    87. TickTick ×2
    88. Wind
    89. TickTick
    90. JaguarJaguar
    91. TickTick
    92. Wind
    93. TickTick ×2
    94. JaguarJaguar
    95. Wind
    96. TickTick ×2
    97. JaguarJaguar
    98. TickTick
    99. Wind
    100. TickTick
    101. JaguarJaguar
    102. TickTick
    103. Wind
    104. TickTick
    105. JaguarJaguar
    106. TickTick
    107. Wind
    108. TickTick
    109. JaguarJaguar
    110. TickTick
    111. Wind
    112. TickTick ×3
    113. JaguarJaguar
    114. TickTick ×2
    115. JaguarJaguar
    116. TickTick
    117. Wind
    118. TickTick ×2
    119. Wind
    120. TickTick
    121. JaguarJaguar
    122. TickTick
    123. Wind
    124. TickTick ×2
    125. Wind
    126. TickTick
    127. JaguarJaguar
    128. Wind
    129. TickTick
    130. Converter
    131. TickTick
    132. JaguarJaguar
    133. TickTick
    134. Wind
    135. TickTick
    136. JaguarJaguar
    137. TickTick
    138. Converter
    139. Wind
    140. TickTick
    141. JaguarJaguar
    142. TickTick ×2
    143. Wind
    144. JaguarJaguar
    145. TickTick
    146. Converter
    147. TickTick ×2
    148. Wind
    149. TickTick
    150. JaguarJaguar
    151. TickTick ×2
    152. Converter
    153. Wind
    154. JaguarJaguar
    155. TickTick ×3
    156. Wind
    157. TickTick
    158. JaguarJaguar
    159. TickTick
    160. Converter
    161. Wind
    162. TickTick
    163. JaguarJaguar
    164. TickTick
    165. Wind
    166. TickTick
    167. Converter
    168. JaguarJaguar
    169. TickTick ×2
    170. Wind
    171. TickTick
    172. JaguarJaguar
    173. TickTick ×2
    174. JaguarJaguar
    175. Wind
    176. TickTick ×3
    177. JaguarJaguar
    178. TickTick ×2
    179. Wind
    180. JaguarJaguar
    181. TickTick ×2
    182. Wind

Counts are medians over the build's games: half of them build more, half fewer. The example game is Cokeado's (39 OS, 20/09/2026); pick another.

Team trades

IN AT LEAST 30% OF ITS GAMES

You hand over

  • Lazarus1 Lazarus to Beach seafirst at 2:16 · in 77% of games
  • Construction Bot1 Con bot to Beach seafirst at 2:30 · in 87% of games
  • Advanced Construction Vehicle1 T2 con vehicle to Suicide front or Frontfirst at 8:52 · in 62% of games

You get

  • Hercules1 Light transport from Airfirst at 4:19 · in 34% of games
  • Advanced Construction Bot1 T2 con bot from Techfirst at 4:48 · in 95% of games

How it plays out

Typical game of this build, running totals by minute

Metal produced

020k40k
0:005:0010:0015:00

metal

Enemy metal destroyed

05k10k15k
0:005:0010:0015:00

metal

Own metal lost

02.5k5k7.5k
0:005:0010:0015:00

metal

857 games.

Show as table
ByMetal produced: This buildEnemy metal destroyed: This buildOwn metal lost: This build
1:0033300
2:0082800
3:00152800
4:00270600
5:00372900
6:00572000
7:00814000
8:0011502021
9:001450952130
10:0017425627320
11:00204052075790
12:002330539821933
13:002611260863295
14:002900184934700
15:0031601103396090
WHAT THE NUMBERS SAY

Standard Geo build dominates the resource numbers, with zero own losses through 10:00 and a huge metal lead by 15:00.

  • + Metal produced hits 31426 by 15:00, highest of all six builds
  • + Own metal lost is 0 by 5:00 and only 334 by 10:00
  • − First Starlight only arrives in 57% of games by 9:19
  • − Advanced geothermal lands in just 69% of games by 7:16
THE EXAMPLE YOU ARE READING

Cokeado

38.9 OS · 20/09/2026

Open source match ↗

2 received units · includes a constructor
4917 metal received · 134669 energy received

Allied construction assistance is unknown. Timings are observations, not a promise of solo reproducibility.

Typical milestones

Bot Lab1:12Middle 50%: 0:58–1:22 · n=856
Geothermal Powerplant3:26Middle 50%: 3:10–3:42 · n=854
Advanced Metal Extractor5:34Middle 50%: 5:18–5:56 · n=853
Advanced Geothermal Powerplant7:07Middle 50%: 6:49–7:34 · n=617
Vehicle Plant7:07Middle 50%: 6:41–7:40 · n=816
Advanced Vehicle Plant8:07Middle 50%: 7:41–8:47 · n=777
Starlight9:03Middle 50%: 8:32–9:52 · n=682

Played most by

0neTw086games of this buildzeus_on_god86games of this buildViltrum54games of this buildDamsko44games of this buildXad44games of this build